AoeStats
← gogo

Nomad

509433218Analyzed
4v4 RM · 4d ago on Sep 26, 2026· 18m 52s· 8 players
Game mode
Random Map
Map size
231×231
Population
200
Speed
Normal
Resources
Standard
Victory
Conquest
Starting age
Dark Age
Ending age
Imperial Age
RankedLock teamsTeams togetherTeam positionsShared explorationLock speedFull tech treeHidden civsTurbo modeCheats
Victory
Defeat
🇹🇷 Japanese · Türkiye
1268
+14
🇩🇪 Danes · Germany
1196
+17
🇩🇪 Bengalis · Germany
1186
+17
🇦🇺 Dravidians · Australia
1166
+19
🇨🇳 Varangians · China
1241
-18
🇧🇷 Lithuanians · Brazil
1215
-17
🇫🇷 Wei · France
1204
-16
🇦🇷 Italians · Argentina
1202
-16
gogo
4:54 Loom
14:15 Feudal Age
15:13 Double-Bit Axe
16:18 Fishing Lines
17:36 Wheelbarrow
16:55 Gold Mining
KASTYTIS
3:38 Loom
13:45 Feudal Age
18:05 Castle Age
16:11 Stone Mining
16:47 Double-Bit Axe
17:53 Gold Mining
(PNG) Adrogue_PR
12:18 Loom
14:17 Feudal Age
15:48 Double-Bit Axe
17:57 Fletching
18:47 Padded Archer Armor
KaiZerShift
7:49 Loom
14:20 Feudal Age
15:18 Double-Bit Axe
15:27 Horse Collar
16:49 Wheelbarrow
16:15 Gold Mining
17:29 Fishing Lines
18:28 Town Watch
Jarrymo
3:21 Loom
3:28 Loom
4:51 Loom
13:04 Feudal Age
16:31 Forging
19:54 Castle Age
19:03 Stone Mining
Tetrakis
12:10 Feudal Age
16:44 Loom
19:34 Castle Age
17:42 Fletching
macpinetree
4:55 Loom
14:16 Feudal Age
19:04 Castle Age
18:14 Double-Bit Axe
18:28 Gold Mining
18:29 Stone Mining
twelve
3:32 Loom
13:42 Feudal Age
14:16 Double-Bit Axe
15:09 Fishing Lines
15:42 Forging
20:13 Castle Age
Connection lost

Rejoining the realm…

Still unreachable

The connection could not be restored.

Session expired

The server has moved on; the page needs a fresh start.